Map: [ESL] Moondance

Players

Zain

  • Race: Protoss Protoss
  • Spawn Location: 6:00

ForJumy - Winner!

  • Race: Protoss Protoss
  • Spawn Location: 12:00

Event: DreamHack SC2 Masters 2022 Valencia

VOD

Have the link to the VOD?

Description

Time

  • Played on: July 1, 2022, 3:12 p.m.
  • Length: 6:51

All games in this series

Show
View Real Time Build Order
Export as new Build Order

Zain Protoss 

Build Orders:  

Get SALT Encoding   

  12  0:00  Probe  
  13  0:12  Probe  
  14  0:16  Pylon  
  14  0:24  Probe (Chrono Boost)  
  15  0:36  Probe (Chrono Boost), Gateway  
  16  0:43  Probe (Chrono Boost)  
  16  0:46  Assimilator  
  17  0:51  Probe  
  17  0:54  Assimilator  
  18  1:03  Probe (Chrono Boost)  
  19  1:08  Gateway  
  19  1:13  Probe (Chrono Boost)  
  19  1:17  Probe (Chrono Boost)  
  20  1:23  Cybernetics Core  
  21  1:29  Probe  
  22  1:40  Pylon  
  22  1:42  Probe  
  23  1:59  Robotics Facility  
  23  2:00  Stalker  
  25  2:04  Stalker  
  27  2:10  Warp Gate  
  27  2:14  Pylon  
  27  2:32  Stalker  
  29  2:37  Stalker  
  31  2:46  Immortal (Chrono Boost)  
  35  2:58  Pylon  
  35  3:07  Pylon  
  35  3:13  Shield Battery  
  35  3:17  Warp Prism (Chrono Boost)  
  37  3:26  Pylon  
  32  3:49  Probe  
  32  3:55  Pylon  
  33  4:07  Stalker  
  33  4:09  Probe  
  36  4:21  Probe  
  37  4:31  Stalker  
  37  4:32  Stalker  
  39  4:51  Probe  
  40  4:58  Stalker  
  40  5:00  Stalker  
  40  5:03  Probe  
  43  5:12  Immortal (Chrono Boost)  
  37  5:41  Probe  
  39  6:00  Stalker  
  40  6:11  Pylon  
  36  6:16  Stalker  
  37  6:37  Stalker  
Show
View Real Time Build Order
Export as new Build Order

ForJumy Protoss - Winner!

Build Orders: Oracle Opening 

Get SALT Encoding   

  12  0:00  Probe  
  13  0:12  Probe  
  14  0:17  Pylon  
  14  0:24  Probe  
  15  0:35  Gateway  
  15  0:37  Probe (Chrono Boost)  
  16  0:47  Probe (Chrono Boost), Assimilator  
  17  0:51  Probe (Chrono Boost)  
  17  0:55  Assimilator  
  18  1:03  Probe (Chrono Boost)  
  19  1:08  Gateway  
  19  1:13  Probe (Chrono Boost)  
  20  1:19  Probe  
  21  1:26  Cybernetics Core  
  21  1:31  Probe  
  22  1:39  Pylon  
  22  1:43  Probe  
  23  1:57  Probe  
  24  2:02  Stargate  
  24  2:05  Adept  
  24  2:08  Adept  
  28  2:12  Warp Gate  
  28  2:18  Pylon  
  28  2:29  Probe  
  29  2:35  Stalker  
  31  2:37  Stalker  
  33  2:49  Probe  
  34  2:52  Oracle (Chrono Boost)  
  37  3:00  Pylon  
  37  3:02  Shield Battery  
  37  3:05  Pylon  
  37  3:21  Robotics Facility  
  37  3:24  Shield Battery  
  37  3:54  Oracle  
  40  4:00  Stalker  
  40  4:01  Zealot  
  44  4:14  Pylon  
  44  4:19  Gateway  
  44  4:30  Immortal (Chrono Boost)  
  47  4:34  Sentry  
  45  4:50  Gateway  
  45  4:56  Pylon  
  45  5:00  Pylon  
  45  5:15  Stalker  
  45  5:17  Pylon  
  45  5:20  Void Ray  
  51  5:29  Immortal  
  55  5:42  Zealot  
  57  5:46  Stalker  
  59  5:50  Pylon  
  59  6:05  Stalker  
  61  6:26  Stalker  
  63  6:39  Sentry  

Tags
 
Add a new tag
Caveats
  • Supply blocks, unpowered buildings, or Contaminate may cause inaccurate times.
  • Supply counts are checked every 10 seconds.